Workbook

Sheet Instructions
A1: APPENDIX B - COST SUBMITTAL
A2: INSTRUCTIONS
A4: 1. Using Data in Appendix Q, and the estimated populations provided by the Department in the I-Mirror (Projected Monthly MA Consumers, Total Projected Monthly MATP Users, Projected MATP Users as a % of MA Population), complete the I-Mirror and J-Cost worksheets.
A6: PLEASE NOTE: THE J-COST WORKSHEET MUST BE COMPLETED IN ORDER TO AUTOMATICALLY CALCULATE THE PROPOSED PER MEMBER PER MONTH BID RATE ON THE I-MIRROR SHEET.
A8: I-Mirror Instructions
A10: Trip / Mode Projections (Light Blue Boxes). Complete these data fields based on your projected number of trips that will be provided by each mode of transportation. These fields will be used to understand the basis made by the Applicant in terms of shifting ridership from one mode to the other as well as the expected utilization of MATP services for the MA population. These fields are informational, and do not affect the proposed Per Member Per Month price developed in the J-Cost sheet.
A11: Per Mode Pricing (Light Blue Boxes). Complete these data fields based on your projections of average cost per trip for each mode of transportation. These data points will be used to understand the basis for the cost per mode that each Applicant is using to come to a capitated rate.
A12: Proposed Per Member Per Month Rate (Blue Box with Green Writing). This data field is automatically calculated based on your projected costs for each contract year divided by the total number of eligible MATP recipients for the same time period. This is a non-editable field.
A13: Proposed Annual Contract Cost (Yellow Boxes). This is a non-editable field that will be the basis for understanding and establishing a budgeted amount for the program for each year.
A15: 2. Once you have completed the I-Mirror and J-Cost Worksheets, Excel will automatically complete the Cost Summary Worksheet.
A16: This worksheet will be used to evaluate each Applicant's proposals.
A18: 3. Annual Totals must match on the Cost Summary Worksheet, the I-Mirror and the J-Cost Worksheets.

Sheet Cost Summary
A1: RFA 06-24 MATP Services for Philadelphia County
C2: COST SUMMARY SHEET
A4: Applicant:
D7: PMPM | E7: Annual Cost
A8: Year 1 | D8: ='I-Mirror'!B46 -> 0 | E8: ='I-Mirror'!N57 -> 0
A9: Year 2 | D9: ='I-Mirror'!B75 -> 0 | E9: ='I-Mirror'!N86 -> 0
A10: Year 3 | D10: ='I-Mirror'!B104 -> 0 | E10: ='I-Mirror'!N115 -> 0
A11: Option Year 1 | D11: ='I-Mirror'!B133 -> 0 | E11: ='I-Mirror'!N144 -> 0
A12: Option Year 2 | D12: ='I-Mirror'!B162 -> 0 | E12: ='I-Mirror'!N173 -> 0
A16: TOTAL AGREEMENT PRICING
A18: Year 1 | D18: =E8+D26 -> 0
A19: Year 2 | D19: =E9 -> 0
A20: Year 3 | D20: =E10+D27 -> 0
A21: Total Base Year Pricing | D21: =SUM(D18:D20) -> 0
A22: Option Year 1 Pricing | D22: =E11 -> 0
A23: Option Year 2 Pricing | D23: =E12 -> 0
A25: One-Time Fees
A26: Implementation Costs | D26: ='J-Cost'!M145 -> 0
A27: Turnover Costs | D27: ='J-Cost'!M147 -> 0
A30: Total Agreement Pricing | D30: =SUM(D21:D23) -> 0

Sheet I-Mirror
A1: Appendix B: Cost Submittal Pricing Template
A2: Per Member Per Month
A5: Legend = Editable Fields
A6: I. Trip / Mode / User Projections - For Information Only
A7: J. Per Mode Price Projections - For Information Only
A10: Legend = Non-Editable Fields
A11: K. Proposed Per Member Per Month Rate - To Be Evaluated
A12: L. Projected Annual Agreement Amount - For Commonwealth Budget Purposes
A15: EXAMPLE
A17: Proposed Per Member Per Month Rate | B17: 2.65
A19: Example Proposal - Cost Projections
A20: Average Price Per Public Fixed Route Trip | B20: 1.5
A21: Average Price Per Mileage ReimTransitement Trip | B21: 1.5
A22: Average Price Per Para Transit Trip | B22: 20
A24: Month | B24: Month- 1 | C24: Month- 2 | D24: Month- 3 | E24: Month- 4 | F24: Month- 5 | G24: Month- 6 | H24: Month- 7 | I24: Month- 8 | J24: Month- 9 | K24: Month- 10 | L24: Month- 11 | M24: Month- 12 | N24: Averages / Total Cost
A25: Month-To-Month Projected Consumer Growth (%) | B25: 0.0017616472 | C25: =$B$25 -> 0.0017616472 | D25: =$B$25 -> 0.0017616472 | E25: =$B$25 -> 0.0017616472 | F25: =$B$25 -> 0.0017616472 | G25: =$B$25 -> 0.0017616472 | H25: =$B$25 -> 0.0017616472 | I25: =$B$25 -> 0.0017616472 | J25: =$B$25 -> 0.0017616472 | ... N25: =$B$25 -> 0.0017616472
A26: Projected Monthly MA Consumers | B26: 673299 | C26: =ROUND(B26*(1+C25),0) -> 674485 | D26: =ROUND(C26*(1+D25),0) -> 675673 | E26: =ROUND(D26*(1+E25),0) -> 676863 | F26: =ROUND(E26*(1+F25),0) -> 678055 | G26: =ROUND(F26*(1+G25),0) -> 679249 | H26: =ROUND(G26*(1+H25),0) -> 680446 | I26: =ROUND(H26*(1+I25),0) -> 681645 | J26: =ROUND(I26*(1+J25),0) -> 682846 | ... M26: =ROUND(L26*(1+M25),0) -> 686461 | N26: =AVERAGE(B26:M26) -> 679860.42
A27: Per Member Per Month Rate | B27: =$B$17 -> 2.65 | C27: =$B$17 -> 2.65 | D27: =$B$17 -> 2.65 | E27: =$B$17 -> 2.65 | F27: =$B$17 -> 2.65 | G27: =$B$17 -> 2.65 | H27: =$B$17 -> 2.65 | I27: =$B$17 -> 2.65 | ... M27: =$B$17 -> 2.65 | N27: =AVERAGE(B27:M27) -> 2.65
A28: Cost | B28: =B26*B27 -> 1784242.3 | C28: =C26*C27 -> 1787385.2 | D28: =D26*D27 -> 1790533.4 | E28: =E26*E27 -> 1793686.9 | F28: =F26*F27 -> 1796845.8 | G28: =G26*G27 -> 1800009.8 | H28: =H26*H27 -> 1803181.9 | I28: =I26*I27 -> 1806359.2 | ... M28: =M26*M27 -> 1819121.6 | N28: =SUM(B28:M28) -> 21619561
A30: Example Proposal - Trip / Mode / User Projections
A32: Month | B32: Month- 1 | C32: Month- 2 | D32: Month- 3 | E32: Month- 4 | F32: Month- 5 | G32: Month- 6 | H32: Month- 7 | I32: Month- 8 | J32: Month- 9 | K32: Month- 10 | L32: Month- 11 | M32: Month- 12 | N32: Averages / Totals
A33: Total Projected Monthly MATP Users | B33: =B26*$B$39 -> 30298.455 | C33: =C26*$B$39 -> 30351.825 | D33: =D26*$B$39 -> 30405.285 | E33: =E26*$B$39 -> 30458.835 | F33: =F26*$B$39 -> 30512.475 | G33: =G26*$B$39 -> 30566.205 | H33: =H26*$B$39 -> 30620.07 | I33: =I26*$B$39 -> 30674.025 | ... M33: =M26*$B$39 -> 30890.745 | N33: =AVERAGE(B33:M33) -> 30593.719
A34: Projected # of Public Fixed Route Trips: | B34: 285500 | C34: 285500 | D34: 285500 | E34: 285500 | F34: 285500 | G34: 285500 | H34: 285500 | I34: 285500 | J34: 285500 | K34: 285500 | L34: 285500 | M34: 285500 | N34: =SUM(B34:M34) -> 3426000
A35: Projected # of Mileage Reimbursement Trips | B35: 6500 | C35: 6500 | D35: 6500 | E35: 6500 | F35: 6500 | G35: 6500 | H35: 6500 | I35: 6500 | J35: 6500 | K35: 6500 | L35: 6500 | M35: 6500 | N35: =SUM(B35:M35) -> 78000
A36: Projected # of Para Transit Trips | B36: 85000 | C36: 85000 | D36: 85000 | E36: 85000 | F36: 85000 | G36: 85000 | H36: 85000 | I36: 85000 | J36: 85000 | K36: 85000 | L36: 85000 | M36: 85000 | N36: =SUM(B36:M36) -> 1020000
A37: Total Projected Monthly Trips | B37: =SUM(B34:B36) -> 377000 | C37: =SUM(C34:C36) -> 377000 | D37: =SUM(D34:D36) -> 377000 | E37: =SUM(E34:E36) -> 377000 | F37: =SUM(F34:F36) -> 377000 | G37: =SUM(G34:G36) -> 377000 | H37: =SUM(H34:H36) -> 377000 | I37: =SUM(I34:I36) -> 377000 | ... M37: =SUM(M34:M36) -> 377000 | N37: =SUM(N33:N36) -> 4554593.7
A38: Average Trips Per User Per Month | B38: =B37/B33 -> 12.442879 | C38: =C37/C33 -> 12.420999 | D38: =D37/D33 -> 12.39916 | E38: =E37/E33 -> 12.377361 | F38: =F37/F33 -> 12.355602 | G38: =G37/G33 -> 12.333883 | H38: =H37/H33 -> 12.312186 | I38: =I37/I33 -> 12.290529 | ... M38: =M37/M33 -> 12.204303 | N38: =AVERAGE(B38:M38) -> 12.323246
A39: Projected MATP Users as a % of MA Population | B39: 0.045 | C39: 0.045 | D39: 0.045 | E39: 0.045 | F39: 0.045 | G39: 0.045 | H39: 0.045 | I39: 0.045 | J39: 0.045 | K39: 0.045 | L39: 0.045 | M39: 0.045 | N39: =N33/N26 -> 0.045
A40: Projected % of Public Fixed Route Trips | B40: =B34/B37 -> 0.75729443 | C40: =C34/C37 -> 0.75729443 | D40: =D34/D37 -> 0.75729443 | E40: =E34/E37 -> 0.75729443 | F40: =F34/F37 -> 0.75729443 | G40: =G34/G37 -> 0.75729443 | H40: =H34/H37 -> 0.75729443 | I40: =I34/I37 -> 0.75729443 | ... N40: =N34/N37 -> 0.7522076
A41: Projected % of Mileage Reimbursement Trips | B41: =B35/B37 -> 0.017241379 | C41: =C35/C37 -> 0.017241379 | D41: =D35/D37 -> 0.017241379 | E41: =E35/E37 -> 0.017241379 | F41: =F35/F37 -> 0.017241379 | G41: =G35/G37 -> 0.017241379 | H41: =H35/H37 -> 0.017241379 | I41: =I35/I37 -> 0.017241379 | ... N41: =N35/N37 -> 0.017125567
A42: Projected % of Para Transit Trips | B42: =B36/B37 -> 0.22546419 | C42: =C36/C37 -> 0.22546419 | D42: =D36/D37 -> 0.22546419 | E42: =E36/E37 -> 0.22546419 | F42: =F36/F37 -> 0.22546419 | G42: =G36/G37 -> 0.22546419 | H42: =H36/H37 -> 0.22546419 | I42: =I36/I37 -> 0.22546419 | ... N42: =N36/N37 -> 0.22394972
A44: Agreement Year 1
A46: Proposed Per Member Per Month Rate | B46: ='J-Cost'!$C$142/SUM($B$55:$M$55) -> 0
A48: Year 1 Proposal - Cost Projections
A49: Average Price Per Public Fixed Route Trip | B49: 0
A50: Average Price Per Mileage ReimTransitement Trip | B50: 0
A51: Average Price Per Para Transit Trip | B51: 0
B53: Month- 1 | C53: Month- 2 | D53: Month- 3 | E53: Month- 4 | F53: Month- 5 | G53: Month- 6 | H53: Month- 7 | I53: Month- 8 | J53: Month- 9 | K53: Month- 10 | L53: Month- 11 | M53: Month- 12 | N53: Averages / Total Cost
A54: Month-To-Month Projected Consumer Growth (%) | B54: =B$25 -> 0.0017616472 | C54: =C$25 -> 0.0017616472 | D54: =D$25 -> 0.0017616472 | E54: =E$25 -> 0.0017616472 | F54: =F$25 -> 0.0017616472 | G54: =G$25 -> 0.0017616472 | H54: =H$25 -> 0.0017616472 | I54: =I$25 -> 0.0017616472 | ... N54: =N$25 -> 0.0017616472
A55: Projected Monthly MA Consumers | B55: =B26 -> 673299 | C55: =C26 -> 674485 | D55: =D26 -> 675673 | E55: =E26 -> 676863 | F55: =F26 -> 678055 | G55: =G26 -> 679249 | H55: =H26 -> 680446 | I55: =I26 -> 681645 | ... N55: =N26 -> 679860.42
A56: Per Member Per Month Rate | B56: =$B$46 -> 0 | C56: =$B$46 -> 0 | D56: =$B$46 -> 0 | E56: =$B$46 -> 0 | F56: =$B$46 -> 0 | G56: =$B$46 -> 0 | H56: =$B$46 -> 0 | I56: =$B$46 -> 0 | ... N56: =$B$46 -> 0
A57: Cost | B57: =B55*B56 -> 0 | C57: =C55*C56 -> 0 | D57: =D55*D56 -> 0 | E57: =E55*E56 -> 0 | F57: =F55*F56 -> 0 | G57: =G55*G56 -> 0 | H57: =H55*H56 -> 0 | I57: =I55*I56 -> 0 | ... M57: =M55*M56 -> 0 | N57: =SUM(B57:M57) -> 0
A59: Year 1 Proposal - Trip / Mode / User Projections
B61: Month- 1 | C61: Month- 2 | D61: Month- 3 | E61: Month- 4 | F61: Month- 5 | G61: Month- 6 | H61: Month- 7 | I61: Month- 8 | J61: Month- 9 | K61: Month- 10 | L61: Month- 11 | M61: Month- 12 | N61: Averages / Totals
A62: Total Projected Monthly MATP Users | B62: =ROUND(B55*B$68,0) -> 7772 | C62: =ROUND(C55*C$68,0) -> 7786 | D62: =ROUND(D55*D$68,0) -> 7799 | E62: =ROUND(E55*E$68,0) -> 7813 | F62: =ROUND(F55*F$68,0) -> 7827 | G62: =ROUND(G55*G$68,0) -> 7841 | H62: =ROUND(H55*H$68,0) -> 7855 | I62: =ROUND(I55*I$68,0) -> 7868 | ... M62: =ROUND(M55*M$68,0) -> 7924 | N62: =AVERAGE(B62:M62) -> 7847.75
A63: Projected # of Public Fixed Route Trips | N63: =SUM(B63:M63) -> 0
A64: Projected # of Mileage Reimbursement Trips | N64: =SUM(B64:M64) -> 0
A65: Projected # of Para Transit Trips | N65: =SUM(B65:M65) -> 0
A66: Total Projected Monthly Trips | B66: =SUM(B63:B65) -> 0 | C66: =SUM(C63:C65) -> 0 | D66: =SUM(D63:D65) -> 0 | E66: =SUM(E63:E65) -> 0 | F66: =SUM(F63:F65) -> 0 | G66: =SUM(G63:G65) -> 0 | H66: =SUM(H63:H65) -> 0 | I66: =SUM(I63:I65) -> 0 | ... M66: =SUM(M63:M65) -> 0 | N66: =SUM(N64:N65) -> 0
A67: Average Trips Per User Per Month | B67: =B66/B62 -> 0 | C67: =C66/C62 -> 0 | D67: =D66/D62 -> 0 | E67: =E66/E62 -> 0 | F67: =F66/F62 -> 0 | G67: =G66/G62 -> 0 | H67: =H66/H62 -> 0 | I67: =I66/I62 -> 0 | ... N67: =N66/N62 -> 0
A68: Projected MATP Users as a % of MA Population | B68: 0.011543212 | C68: =$B$68 -> 0.011543212 | D68: =$B$68 -> 0.011543212 | E68: =$B$68 -> 0.011543212 | F68: =$B$68 -> 0.011543212 | G68: =$B$68 -> 0.011543212 | H68: =$B$68 -> 0.011543212 | I68: =$B$68 -> 0.011543212 | J68: =$B$68 -> 0.011543212 | ... N68: =$B$68 -> 0.011543212
A69: Projected % of Public Fixed Route Trips | B69: =B63/B66 -> #DIV/0! | C69: =C63/C66 -> #DIV/0! | D69: =D63/D66 -> #DIV/0! | E69: =E63/E66 -> #DIV/0! | F69: =F63/F66 -> #DIV/0! | G69: =G63/G66 -> #DIV/0! | H69: =H63/H66 -> #DIV/0! | I69: =I63/I66 -> #DIV/0! | ... N69: =N63/N66 -> #DIV/0!
A70: Projected % of Mileage Reimbursement Trips | B70: =B64/B66 -> #DIV/0! | C70: =C64/C66 -> #DIV/0! | D70: =D64/D66 -> #DIV/0! | E70: =E64/E66 -> #DIV/0! | F70: =F64/F66 -> #DIV/0! | G70: =G64/G66 -> #DIV/0! | H70: =H64/H66 -> #DIV/0! | I70: =I64/I66 -> #DIV/0! | ... N70: =N64/N66 -> #DIV/0!
A71: Projected % of Para Transit Trips | B71: =B65/B66 -> #DIV/0! | C71: =C65/C66 -> #DIV/0! | D71: =D65/D66 -> #DIV/0! | E71: =E65/E66 -> #DIV/0! | F71: =F65/F66 -> #DIV/0! | G71: =G65/G66 -> #DIV/0! | H71: =H65/H66 -> #DIV/0! | I71: =I65/I66 -> #DIV/0! | ... N71: =N65/N66 -> #DIV/0!
A73: Agreement Year 2
A75: Proposed Per Member Per Month Rate | B75: ='J-Cost'!$E$142/SUM($B$84:$M$84) -> 0
A77: Year 2 Proposal - Cost Projections
A78: Average Price Per Public Fixed Route Trip | B78: 0
A79: Average Price Per Mileage ReimTransitement Trip | B79: 0
A80: Average Price Per Para Transit Trip | B80: 0
B82: Month- 1 | C82: Month- 2 | D82: Month- 3 | E82: Month- 4 | F82: Month- 5 | G82: Month- 6 | H82: Month- 7 | I82: Month- 8 | J82: Month- 9 | K82: Month- 10 | L82: Month- 11 | M82: Month- 12 | N82: Averages / Total Cost
A83: Month-To-Month Projected Consumer Growth (%) | B83: =B$25 -> 0.0017616472 | C83: =C$25 -> 0.0017616472 | D83: =D$25 -> 0.0017616472 | E83: =E$25 -> 0.0017616472 | F83: =F$25 -> 0.0017616472 | G83: =G$25 -> 0.0017616472 | H83: =H$25 -> 0.0017616472 | I83: =I$25 -> 0.0017616472 | ... N83: =N$25 -> 0.0017616472
A84: Projected Monthly MA Consumers | B84: =M55*(1+C83) -> 687670.3 | C84: =B84*(1+B83) -> 688881.73 | D84: =C84*(1+C83) -> 690095.3 | E84: =D84*(1+D83) -> 691311.01 | F84: =E84*(1+E83) -> 692528.85 | G84: =F84*(1+F83) -> 693748.84 | H84: =G84*(1+G83) -> 694970.98 | I84: =H84*(1+H83) -> 696195.28 | J84: =I84*(1+I83) -> 697421.73 | ... L84: =K84*(1+K83) -> 699881.11 | M84: =L84*(1+M83) -> 701114.06 | N84: =AVERAGE(B84:M84) -> 694372.46
A85: Per Member Per Month Rate | B85: =$B$75 -> 0 | C85: =$B$75 -> 0 | D85: =$B$75 -> 0 | E85: =$B$75 -> 0 | F85: =$B$75 -> 0 | G85: =$B$75 -> 0 | H85: =$B$75 -> 0 | I85: =$B$75 -> 0 | ... N85: =$B$75 -> 0
A86: Cost | B86: =B84*B85 -> 0 | C86: =C84*C85 -> 0 | D86: =D84*D85 -> 0 | E86: =E84*E85 -> 0 | F86: =F84*F85 -> 0 | G86: =G84*G85 -> 0 | H86: =H84*H85 -> 0 | I86: =I84*I85 -> 0 | ... M86: =M84*M85 -> 0 | N86: =SUM(B86:M86) -> 0
A88: Year 2 Proposal - Trip / Mode / User Projections
B90: Month- 1 | C90: Month- 2 | D90: Month- 3 | E90: Month- 4 | F90: Month- 5 | G90: Month- 6 | H90: Month- 7 | I90: Month- 8 | J90: Month- 9 | K90: Month- 10 | L90: Month- 11 | M90: Month- 12 | N90: Averages / Totals
A91: Total Projected Monthly MATP Users | B91: =B84*$B$97 -> 7937.9241 | C91: =C84*$B$97 -> 7951.908 | D91: =D84*$B$97 -> 7965.9164 | E91: =E84*$B$97 -> 7979.9495 | F91: =F84*$B$97 -> 7994.0074 | G91: =G84*$B$97 -> 8008.09 | H91: =H84*$B$97 -> 8022.1975 | I91: =I84*$B$97 -> 8036.3297 | ... M91: =M84*$B$97 -> 8093.1083 | N91: =AVERAGE(B91:M91) -> 8015.2886
A92: Projected # of Public Fixed Route Trips | N92: =SUM(B92:M92) -> 0
A93: Projected # of Mileage Reimbursement Trips | N93: =SUM(B93:M93) -> 0
A94: Projected # of Para Transit Trips | N94: =SUM(B94:M94) -> 0
A95: Total Projected Monthly Trips | B95: =SUM(B92:B94) -> 0 | C95: =SUM(C92:C94) -> 0 | D95: =SUM(D92:D94) -> 0 | E95: =SUM(E92:E94) -> 0 | F95: =SUM(F92:F94) -> 0 | G95: =SUM(G92:G94) -> 0 | H95: =SUM(H92:H94) -> 0 | I95: =SUM(I92:I94) -> 0 | ... N95: =SUM(N92:N94) -> 0
A96: Average Trips Per User Per Month | B96: =B95/B91 -> 0 | C96: =C95/C91 -> 0 | D96: =D95/D91 -> 0 | E96: =E95/E91 -> 0 | F96: =F95/F91 -> 0 | G96: =G95/G91 -> 0 | H96: =H95/H91 -> 0 | I96: =I95/I91 -> 0 | ... N96: =N95/N91 -> 0
A97: Projected MATP Users as a % of MA Population | B97: =B68 -> 0.011543212 | C97: =$B$68 -> 0.011543212 | D97: =$B$68 -> 0.011543212 | E97: =$B$68 -> 0.011543212 | F97: =$B$68 -> 0.011543212 | G97: =$B$68 -> 0.011543212 | H97: =$B$68 -> 0.011543212 | I97: =$B$68 -> 0.011543212 | J97: =$B$68 -> 0.011543212 | ... N97: =$B$68 -> 0.011543212
A98: Projected % of Public Fixed Route Trips | B98: =B92/B95 -> #DIV/0! | C98: =C92/C95 -> #DIV/0! | D98: =D92/D95 -> #DIV/0! | E98: =E92/E95 -> #DIV/0! | F98: =F92/F95 -> #DIV/0! | G98: =G92/G95 -> #DIV/0! | H98: =H92/H95 -> #DIV/0! | I98: =I92/I95 -> #DIV/0! | ... N98: =N92/N95 -> #DIV/0!
A99: Projected % of Mileage Reimbursement Trips | B99: =B93/B95 -> #DIV/0! | C99: =C93/C95 -> #DIV/0! | D99: =D93/D95 -> #DIV/0! | E99: =E93/E95 -> #DIV/0! | F99: =F93/F95 -> #DIV/0! | G99: =G93/G95 -> #DIV/0! | H99: =H93/H95 -> #DIV/0! | I99: =I93/I95 -> #DIV/0! | ... N99: =N93/N95 -> #DIV/0!
A100: Projected % of Para Transit Trips | B100: =B94/B95 -> #DIV/0! | C100: =C94/C95 -> #DIV/0! | D100: =D94/D95 -> #DIV/0! | E100: =E94/E95 -> #DIV/0! | F100: =F94/F95 -> #DIV/0! | G100: =G94/G95 -> #DIV/0! | H100: =H94/H95 -> #DIV/0! | I100: =I94/I95 -> #DIV/0! | ... N100: =N94/N95 -> #DIV/0!
A102: Agreement Year 3
A104: Proposed Per Member Per Month Rate | B104: ='J-Cost'!$G$142/SUM($B$113:$M$113) -> 0
A106: Year 3 Proposal - Cost Projections
A107: Average Price Per Public Fixed Route Trip | B107: 0
A108: Average Price Per Mileage ReimTransitement Trip | B108: 0
A109: Average Price Per Para Transit Trip | B109: 0
B111: Month- 1 | C111: Month- 2 | D111: Month- 3 | E111: Month- 4 | F111: Month- 5 | G111: Month- 6 | H111: Month- 7 | I111: Month- 8 | J111: Month- 9 | K111: Month- 10 | L111: Month- 11 | M111: Month- 12 | N111: Averages / Total Cost
A112: Month-To-Month Projected Consumer Growth (%) | B112: =B$25 -> 0.0017616472 | C112: =C$25 -> 0.0017616472 | D112: =D$25 -> 0.0017616472 | E112: =E$25 -> 0.0017616472 | F112: =F$25 -> 0.0017616472 | G112: =G$25 -> 0.0017616472 | H112: =H$25 -> 0.0017616472 | I112: =I$25 -> 0.0017616472 | ... N112: =N$25 -> 0.0017616472
A113: Projected Monthly MA Consumers | B113: =M84*(1+C112) -> 702349.17 | C113: =B113*(1+B112) -> 703586.47 | D113: =C113*(1+C112) -> 704825.94 | E113: =D113*(1+D112) -> 706067.59 | F113: =E113*(1+E112) -> 707311.43 | G113: =F113*(1+F112) -> 708557.47 | H113: =G113*(1+G112) -> 709805.69 | I113: =H113*(1+H112) -> 711056.12 | J113: =I113*(1+I112) -> 712308.75 | ... L113: =K113*(1+K112) -> 714820.64 | M113: =L113*(1+M112) -> 716079.9 | N113: =AVERAGE(B113:M113) -> 709194.4
A114: Per Member Per Month Rate | B114: =$B$104 -> 0 | C114: =$B$104 -> 0 | D114: =$B$104 -> 0 | E114: =$B$104 -> 0 | F114: =$B$104 -> 0 | G114: =$B$104 -> 0 | H114: =$B$104 -> 0 | I114: =$B$104 -> 0 | ... M114: =$B$104 -> 0 | N114: =$B$75 -> 0
A115: Cost | B115: =B113*B114 -> 0 | C115: =C113*C114 -> 0 | D115: =D113*D114 -> 0 | E115: =E113*E114 -> 0 | F115: =F113*F114 -> 0 | G115: =G113*G114 -> 0 | H115: =H113*H114 -> 0 | I115: =I113*I114 -> 0 | ... M115: =M113*M114 -> 0 | N115: =SUM(B115:M115) -> 0
A117: Year 3 Proposal - Trip / Mode / User Projections
B119: Month- 1 | C119: Month- 2 | D119: Month- 3 | E119: Month- 4 | F119: Month- 5 | G119: Month- 6 | H119: Month- 7 | I119: Month- 8 | J119: Month- 9 | K119: Month- 10 | L119: Month- 11 | M119: Month- 12 | N119: Averages / Totals
A120: Total Projected Monthly MATP Users | B120: =B113*$B$126 -> 8107.3655 | C120: =C113*$B$126 -> 8121.6478 | D120: =D113*$B$126 -> 8135.9553 | E120: =E113*$B$126 -> 8150.2879 | F120: =F113*$B$126 -> 8164.6459 | G120: =G113*$B$126 -> 8179.0291 | H120: =H113*$B$126 -> 8193.4377 | I120: =I113*$B$126 -> 8207.8716 | ... M120: =M113*$B$126 -> 8265.8621 | N120: =AVERAGE(B120:M120) -> 8186.3813
A121: Projected # of Public Fixed Route Trips | N121: =SUM(B121:M121) -> 0
A122: Projected # of Mileage Reimbursement Trips | N122: =SUM(B122:M122) -> 0
A123: Projected # of Para Transit Trips | N123: =SUM(B123:M123) -> 0
A124: Total Projected Monthly Trips | B124: =SUM(B121:B123) -> 0 | C124: =SUM(C121:C123) -> 0 | D124: =SUM(D121:D123) -> 0 | E124: =SUM(E121:E123) -> 0 | F124: =SUM(F121:F123) -> 0 | G124: =SUM(G121:G123) -> 0 | H124: =SUM(H121:H123) -> 0 | I124: =SUM(I121:I123) -> 0 | ... N124: =SUM(N121:N123) -> 0
A125: Average Trips Per User Per Month | B125: =B124/B120 -> 0 | C125: =C124/C120 -> 0 | D125: =D124/D120 -> 0 | E125: =E124/E120 -> 0 | F125: =F124/F120 -> 0 | G125: =G124/G120 -> 0 | H125: =H124/H120 -> 0 | I125: =I124/I120 -> 0 | ... N125: =N124/N120 -> 0
A126: Projected MATP Users as a % of MA Population | B126: =B97 -> 0.011543212 | C126: =$B$68 -> 0.011543212 | D126: =$B$68 -> 0.011543212 | E126: =$B$68 -> 0.011543212 | F126: =$B$68 -> 0.011543212 | G126: =$B$68 -> 0.011543212 | H126: =$B$68 -> 0.011543212 | I126: =$B$68 -> 0.011543212 | J126: =$B$68 -> 0.011543212 | ... N126: =$B$68 -> 0.011543212
A127: Projected % of Public Fixed Route Trips | B127: =B121/B124 -> #DIV/0! | C127: =C121/C124 -> #DIV/0! | D127: =D121/D124 -> #DIV/0! | E127: =E121/E124 -> #DIV/0! | F127: =F121/F124 -> #DIV/0! | G127: =G121/G124 -> #DIV/0! | H127: =H121/H124 -> #DIV/0! | I127: =I121/I124 -> #DIV/0! | ... N127: =N121/N124 -> #DIV/0!
A128: Projected % of Mileage Reimbursement Trips | B128: =B122/B124 -> #DIV/0! | C128: =C122/C124 -> #DIV/0! | D128: =D122/D124 -> #DIV/0! | E128: =E122/E124 -> #DIV/0! | F128: =F122/F124 -> #DIV/0! | G128: =G122/G124 -> #DIV/0! | H128: =H122/H124 -> #DIV/0! | I128: =I122/I124 -> #DIV/0! | ... N128: =N122/N124 -> #DIV/0!
A129: Projected % of Para Transit Trips | B129: =B123/B124 -> #DIV/0! | C129: =C123/C124 -> #DIV/0! | D129: =D123/D124 -> #DIV/0! | E129: =E123/E124 -> #DIV/0! | F129: =F123/F124 -> #DIV/0! | G129: =G123/G124 -> #DIV/0! | H129: =H123/H124 -> #DIV/0! | I129: =I123/I124 -> #DIV/0! | ... N129: =N123/N124 -> #DIV/0!
...

Sheet J-Cost
A1: COST VERIFICATION FORM
A2: PHILADELPHIA COUNTY MEDICAL ASSISTANCE TRANSPORTATION PROGRAM
A7: ITEM | C7: Agreement | E7: Agreement | G7: Agreement | I7: Option | K7: Option
C8: Year 1 | E8: Year 2 | G8: Year 3 | I8: Year 1 | K8: Year 2 | M8: Total
A9: EXPENDITURES
A10: Administrative Cost
A11: Salaries & Benefits
A12: Staff Wages | C12: 0 | E12: 0 | G12: 0 | I12: 0 | K12: 0 | M12: =SUM(C12:K12) -> 0
A13: Benefits | C13: 0 | E13: 0 | G13: 0 | I13: 0 | K13: 0 | M13: =SUM(C13:K13) -> 0
A14: Misc. (details must be attached) | C14: 0 | E14: 0 | G14: 0 | I14: 0 | K14: 0 | M14: =SUM(C14:K14) -> 0
A15: Subtotal Salaries & Benefits | C15: =SUM(C12:C14) -> 0 | E15: =SUM(E12:E14) -> 0 | G15: =SUM(G12:G14) -> 0 | I15: =SUM(I12:I14) -> 0 | K15: =SUM(K12:K14) -> 0 | M15: =SUM(C15:K15) -> 0
A17: Rent/Lease of Space
A18: Security | C18: 0 | E18: 0 | G18: 0 | I18: 0 | K18: 0 | M18: =SUM(C18:K18) -> 0
A19: Rent | C19: 0 | E19: 0 | G19: 0 | I19: 0 | K19: 0 | M19: =SUM(C19:K19) -> 0
A20: Utilities | C20: 0 | E20: 0 | G20: 0 | I20: 0 | K20: 0 | M20: =SUM(C20:K20) -> 0
A21: Insurance | C21: 0 | E21: 0 | G21: 0 | I21: 0 | K21: 0 | M21: =SUM(C21:K21) -> 0
A22: Cleaning/Repairs | C22: 0 | E22: 0 | G22: 0 | I22: 0 | K22: 0 | M22: =SUM(C22:K22) -> 0
A23: Telephone | C23: 0 | E23: 0 | G23: 0 | I23: 0 | K23: 0 | M23: =SUM(C23:K23) -> 0
A24: Misc. (details must be attached) | C24: 0 | E24: 0 | G24: 0 | I24: 0 | K24: 0 | M24: =SUM(C24:K24) -> 0
A25: Subtotal Rent/Lease of Space | C25: =SUM(C18:C24) -> 0 | E25: =SUM(E18:E24) -> 0 | G25: =SUM(G18:G24) -> 0 | I25: =SUM(I18:I24) -> 0 | K25: =SUM(K18:K24) -> 0 | M25: =SUM(C25:K25) -> 0
A27: Materials & Supplies
A28: Office Supplies | C28: 0 | E28: 0 | G28: 0 | I28: 0 | K28: 0 | M28: =SUM(C28:K28) -> 0
A29: Photocopying (paper, toner, etc.) | C29: 0 | E29: 0 | G29: 0 | I29: 0 | K29: 0 | M29: =SUM(C29:K29) -> 0
A30: Printing (Outsourced) | C30: 0 | E30: 0 | G30: 0 | I30: 0 | K30: 0 | M30: =SUM(C30:K30) -> 0
A31: Postage | C31: 0 | E31: 0 | G31: 0 | I31: 0 | K31: 0 | M31: =SUM(C31:K31) -> 0
A32: Equipment Repairs (copiers, fax, etc.) | C32: 0 | E32: 0 | G32: 0 | I32: 0 | K32: 0 | M32: =SUM(C32:K32) -> 0
A33: Misc. (details must be attached) | C33: 0 | E33: 0 | G33: 0 | I33: 0 | K33: 0 | M33: =SUM(C33:K33) -> 0
A34: Subtotal Materials & Supplies | C34: =SUM(C28:C33) -> 0 | E34: =SUM(E28:E33) -> 0 | G34: =SUM(G28:G33) -> 0 | I34: =SUM(I28:I33) -> 0 | K34: =SUM(K28:K33) -> 0 | M34: =SUM(C34:K34) -> 0
A36: Office Equipment/Furniture
A37: Purchased | C37: 0 | E37: 0 | G37: 0 | I37: 0 | K37: 0 | M37: =SUM(C37:K37) -> 0
A38: Lease Agreement | C38: 0 | E38: 0 | G38: 0 | I38: 0 | K38: 0 | M38: =SUM(C38:K38) -> 0
A39: Depreciation Expense | C39: 0 | E39: 0 | G39: 0 | I39: 0 | K39: 0 | M39: =SUM(C39:K39) -> 0
A40: Misc. (details must be attached) | C40: 0 | E40: 0 | G40: 0 | I40: 0 | K40: 0 | M40: =SUM(C40:K40) -> 0
A41: Subtotal Equipment | C41: =SUM(C37:C40) -> 0 | E41: =SUM(E37:E40) -> 0 | G41: =SUM(G37:G40) -> 0 | I41: =SUM(I37:I40) -> 0 | K41: =SUM(K37:K40) -> 0 | M41: =SUM(C41:K41) -> 0
A43: Data Processing
A44: Computer Equipment Lease/Purchase | C44: 0 | E44: 0 | G44: 0 | I44: 0 | K44: 0 | M44: =SUM(C44:K44) -> 0
A45: Subcontract Services | C45: 0 | E45: 0 | G45: 0 | I45: 0 | K45: 0 | M45: =SUM(C45:K45) -> 0
A46: Depreciation Expense | C46: 0 | E46: 0 | G46: 0 | I46: 0 | K46: 0 | M46: =SUM(C46:K46) -> 0
A47: Software | C47: 0 | E47: 0 | G47: 0 | I47: 0 | K47: 0 | M47: =SUM(C47:K47) -> 0
A48: Software - License Allocation | C48: 0 | E48: 0 | G48: 0 | I48: 0 | K48: 0 | M48: =SUM(C48:K48) -> 0
A49: Misc. (details must be attached) | C49: 0 | E49: 0 | G49: 0 | I49: 0 | K49: 0 | M49: =SUM(C49:K49) -> 0
A50: Subtotal Data Processing | C50: =SUM(C44:C49) -> 0 | E50: =SUM(E44:E49) -> 0 | G50: =SUM(G44:G49) -> 0 | I50: =SUM(I44:I49) -> 0 | K50: =SUM(K44:K49) -> 0 | M50: =SUM(C50:K50) -> 0
A52: Travel
A53: Meals | C53: 0 | E53: 0 | G53: 0 | I53: 0 | K53: 0 | M53: =SUM(C53:K53) -> 0
A54: Lodging | C54: 0 | E54: 0 | G54: 0 | I54: 0 | K54: 0 | M54: =SUM(C54:K54) -> 0
A55: Misc. | C55: 0 | E55: 0 | G55: 0 | I55: 0 | K55: 0 | M55: =SUM(C55:K55) -> 0
A56: Subtotal Travel | C56: =SUM(C53:C55) -> 0 | E56: =SUM(E53:E55) -> 0 | G56: =SUM(G53:G55) -> 0 | I56: =SUM(I53:I55) -> 0 | K56: =SUM(K53:K55) -> 0 | M56: =SUM(C56:K56) -> 0
A58: Fees - Other Related Costs
A59: Professional Fees | C59: 0 | E59: 0 | G59: 0 | I59: 0 | K59: 0 | M59: =SUM(C59:K59) -> 0
A60: Bank Charges | C60: 0 | E60: 0 | G60: 0 | I60: 0 | K60: 0 | M60: =SUM(C60:K60) -> 0
A61: Insurance (officers, board, liability, etc.) | C61: 0 | E61: 0 | G61: 0 | I61: 0 | K61: 0 | M61: =SUM(C61:K61) -> 0
A62: Misc. (details must be attached) | C62: 0 | E62: 0 | G62: 0 | I62: 0 | K62: 0 | M62: =SUM(C62:K62) -> 0
A63: Subtotal Fees - Other | C63: =SUM(C59:C62) -> 0 | E63: =SUM(E59:E62) -> 0 | G63: =SUM(G59:G62) -> 0 | I63: =SUM(I59:I62) -> 0 | K63: =SUM(K59:K62) -> 0 | M63: =SUM(C63:K63) -> 0
A66: Total Administrative Cost | C66: =C15+C25+C34+C41+C50+C56+C63 -> 0 | E66: =E15+E25+E34+E41+E50+E56+E63 -> 0 | G66: =G15+G25+G34+G41+G50+G56+G63 -> 0 | I66: =I15+I25+I34+I41+I50+I56+I63 -> 0 | K66: =K15+K25+K34+K41+K50+K56+K63 -> 0 | M66: =SUM(C66:K66) -> 0
A68: Operating Cost
A69: Salaries & Benefits
A70: Staff Wages | C70: 0 | E70: 0 | G70: 0 | I70: 0 | K70: 0 | M70: =SUM(C70:K70) -> 0
A71: Benefits | C71: 0 | E71: 0 | G71: 0 | I71: 0 | K71: 0 | M71: =SUM(C71:K71) -> 0
A72: Misc. (details must be attached) | M72: =SUM(C72:K72) -> 0
A73: Subtotal Salaries & Benefits | C73: =SUM(C70:C72) -> 0 | E73: =SUM(E70:E72) -> 0 | G73: =SUM(G70:G72) -> 0 | I73: =SUM(I70:I72) -> 0 | K73: =SUM(K70:K72) -> 0 | M73: =SUM(C73:K73) -> 0
A75: Rent/Lease of Space
A76: Security | C76: 0 | E76: 0 | G76: 0 | I76: 0 | K76: 0 | M76: =SUM(C76:K76) -> 0
A77: Rent | C77: 0 | E77: 0 | G77: 0 | I77: 0 | K77: 0 | M77: =SUM(C77:K77) -> 0
A78: Utilities | C78: 0 | E78: 0 | G78: 0 | I78: 0 | K78: 0 | M78: =SUM(C78:K78) -> 0
A79: Insurance | C79: 0 | E79: 0 | G79: 0 | I79: 0 | K79: 0 | M79: =SUM(C79:K79) -> 0
A80: Cleaning/Repairs | C80: 0 | E80: 0 | G80: 0 | I80: 0 | K80: 0 | M80: =SUM(C80:K80) -> 0
A81: Telephone | C81: 0 | E81: 0 | G81: 0 | I81: 0 | K81: 0 | M81: =SUM(C81:K81) -> 0
A82: Misc. (details must be attached) | C82: 0 | E82: 0 | G82: 0 | I82: 0 | K82: 0 | M82: =SUM(C82:K82) -> 0
A83: Subtotal Rent/Lease of Space | C83: =SUM(C76:C82) -> 0 | E83: =SUM(E76:E82) -> 0 | G83: =SUM(G76:G82) -> 0 | I83: =SUM(I76:I82) -> 0 | K83: =SUM(K76:K82) -> 0 | M83: =SUM(C83:K83) -> 0
A85: Materials & Supplies
A86: Production (Design/Set-up Forms) | C86: 0 | E86: 0 | G86: 0 | I86: 0 | K86: 0 | M86: =SUM(C86:K86) -> 0
A87: Printing (incldg Reproduction) | C87: 0 | E87: 0 | G87: 0 | I87: 0 | K87: 0 | M87: =SUM(C87:K87) -> 0
A88: Photocopying | C88: 0 | E88: 0 | G88: 0 | I88: 0 | K88: 0 | M88: =SUM(C88:K88) -> 0
A89: Postage | C89: 0 | E89: 0 | G89: 0 | I89: 0 | K89: 0 | M89: =SUM(C89:K89) -> 0
A90: Misc. (details must be attached) | C90: 0 | E90: 0 | G90: 0 | I90: 0 | K90: 0 | M90: =SUM(C90:K90) -> 0
A91: Subtotal M & S | C91: =SUM(C86:C90) -> 0 | E91: =SUM(E86:E90) -> 0 | G91: =SUM(G86:G90) -> 0 | I91: =SUM(I86:I90) -> 0 | K91: =SUM(K86:K90) -> 0 | M91: =SUM(C91:K91) -> 0
A93: Office Equipment/Furniture
A94: Purchased | C94: 0 | E94: 0 | G94: 0 | I94: 0 | K94: 0 | M94: =SUM(C94:K94) -> 0
A95: Lease Agreement | C95: 0 | E95: 0 | G95: 0 | I95: 0 | K95: 0 | M95: =SUM(C95:K95) -> 0
A96: Depreciation Expense | C96: 0 | E96: 0 | G96: 0 | I96: 0 | K96: 0 | M96: =SUM(C96:K96) -> 0
A97: Misc. (details must be attached) | C97: 0 | E97: 0 | G97: 0 | I97: 0 | K97: 0 | M97: =SUM(C97:K97) -> 0
A98: Subtotal Equipment | C98: =SUM(C94:C97) -> 0 | E98: =SUM(E94:E97) -> 0 | G98: =SUM(G94:G97) -> 0 | I98: =SUM(I94:I97) -> 0 | K98: =SUM(K94:K97) -> 0 | M98: =SUM(C98:K98) -> 0
A100: Data Processing
A101: Equipment Lease/Purchase | C101: 0 | E101: 0 | G101: 0 | I101: 0 | K101: 0 | M101: =SUM(C101:K101) -> 0
A102: Subcontract Services | C102: 0 | E102: 0 | G102: 0 | I102: 0 | K102: 0 | M102: =SUM(C102:K102) -> 0
A103: Depreciation Expense | C103: 0 | E103: 0 | G103: 0 | I103: 0 | K103: 0 | M103: =SUM(C103:K103) -> 0
A104: Software | C104: 0 | E104: 0 | G104: 0 | I104: 0 | K104: 0 | M104: =SUM(C104:K104) -> 0
A105: Misc. (details must be attached) | C105: 0 | E105: 0 | G105: 0 | I105: 0 | K105: 0 | M105: =SUM(C105:K105) -> 0
A106: Subtotal Data Processing | C106: =SUM(C101:C105) -> 0 | E106: =SUM(E101:E105) -> 0 | G106: =SUM(G101:G105) -> 0 | I106: =SUM(I101:I105) -> 0 | K106: =SUM(K101:K105) -> 0 | M106: =SUM(C106:K106) -> 0
A108: Property - Vehicles
A109: Depreciation Expense | C109: 0 | E109: 0 | G109: 0 | I109: 0 | K109: 0 | M109: =SUM(C109:K109) -> 0
A110: Autos-Leased | C110: 0 | E110: 0 | G110: 0 | I110: 0 | K110: 0 | M110: =SUM(C110:K110) -> 0
A111: Maintenance Repairs | C111: 0 | E111: 0 | G111: 0 | I111: 0 | K111: 0 | M111: =SUM(C111:K111) -> 0
A112: Fuel Charges | C112: 0 | E112: 0 | G112: 0 | I112: 0 | K112: 0 | M112: =SUM(C112:K112) -> 0
A113: Insurance | C113: 0 | E113: 0 | G113: 0 | I113: 0 | K113: 0 | M113: =SUM(C113:K113) -> 0
A114: Misc. (details must be attached) | C114: 0 | E114: 0 | G114: 0 | I114: 0 | K114: 0 | M114: =SUM(C114:K114) -> 0
A115: Subtotal Property | C115: =SUM(C109:C114) -> 0 | E115: =SUM(E109:E114) -> 0 | G115: =SUM(G109:G114) -> 0 | I115: =SUM(I109:I114) -> 0 | K115: =SUM(K109:K114) -> 0 | M115: =SUM(C115:K115) -> 0
A117: Specialty Equipment
A118: Radio Communications Equip. (incl airtime) | C118: 0 | E118: 0 | G118: 0 | I118: 0 | K118: 0 | M118: =SUM(C118:K118) -> 0
A119: Lift Equip. Purch. Separate from Veh. | C119: 0 | E119: 0 | G119: 0 | I119: 0 | K119: 0 | M119: =SUM(C119:K119) -> 0
...
